Map: Lock & Load

Players

vEon

  • Race: Protoss Protoss
  • Spawn Location: 6:00

NamroodTuo

  • Race: Zerg Zerg

VOD

Have the link to the VOD?

Description

Time

  • Played on: March 30, 2023, 9:40 a.m.
  • Length: 23:36
Show
View Real Time Build Order
Export as new Build Order

vEon Protoss 

Build Orders:  

Get SALT Encoding   

  12  0:00  Probe (Chrono Boost)  
  13  0:13  Probe (Chrono Boost)  
  14  0:27  Probe (Chrono Boost)  
  15  0:36  Pylon  
  15  0:45  Pylon  
  15  1:01  Pylon, Assimilator  
  15  1:03  Probe (Chrono Boost)  
  16  1:28  Forge  
  16  1:33  Probe (Chrono Boost)  
  17  1:45  Probe (Chrono Boost)  
  18  1:50  Assimilator  
  18  1:57  Probe (Chrono Boost)  
  19  2:09  Probe (Chrono Boost)  
  19  2:15  Photon Cannon  
  20  2:28  Photon Cannon  
  20  2:46  Pylon  
  20  2:54  Photon Cannon  
  20  3:06  Probe (Chrono Boost)  
  20  3:07  Solar Efficiency Level 1  
  21  3:18  Probe (Chrono Boost)  
  22  3:31  Probe (Chrono Boost)  
  23  3:43  Probe (Chrono Boost)  
  24  3:55  Probe (Chrono Boost)  
  25  4:07  Probe (Chrono Boost)  
  26  4:17  Nexus  
  26  4:34  Assimilator  
  26  4:40  Assimilator  
  26  4:58  Pylon  
  26  5:08  Photon Cannon  
  26  5:24  Pylon  
  26  5:28  Photon Cannon  
  26  5:36  Photon Cannon  
  26  5:37  Optimized Ordinance  
  26  5:45  Pylon  
  26  5:51  Photon Cannon  
  26  5:55  Probe (Chrono Boost)  
  27  6:01  Probe (Chrono Boost)  
  27  6:07  Probe (Chrono Boost)  
  29  6:13  Probe (Chrono Boost)  
  29  6:19  Probe (Chrono Boost)  
  30  6:25  Probe (Chrono Boost)  
  32  6:37  Probe (Chrono Boost)  
  33  6:49  Probe (Chrono Boost)  
  33  6:53  Gateway  
  34  7:01  Probe (Chrono Boost)  
  34  7:05  Probe (Chrono Boost)  
  34  7:08  Probe (Chrono Boost)  
  35  7:13  Probe (Chrono Boost)  
  35  7:15  Probe (Chrono Boost)  
  35  7:18  Probe (Chrono Boost)  
  36  7:20  Probe (Chrono Boost), Enhanced Targeting  
  36  7:22  Probe (Chrono Boost)  
  39  7:36  Probe (Chrono Boost)  
  43  7:48  Probe (Chrono Boost)  
  44  8:00  Probe (Chrono Boost)  
  44  8:09  Cybernetics Core  
  45  8:12  Probe (Chrono Boost)  
  46  8:24  Probe (Chrono Boost)  
  47  9:04  Pylon  
  47  9:10  Photon Cannon  
  47  9:12  Fortification Barrier, Photon Cannon  
  47  9:14  Photon Cannon  
  47  9:16  Photon Cannon  
  47  9:24  Khaydarin Monolith  
  47  9:27  Khaydarin Monolith  
  47  9:31  Shield Battery  
  47  9:51  Protoss Shields Level 1  
  47  10:00  Photon Cannon  
  47  10:02  Photon Cannon  
  47  10:04  Photon Cannon  
  47  10:17  Shield Battery  
  47  10:19  Shield Battery  
  47  10:39  Probe (Chrono Boost)  
  48  10:51  Probe (Chrono Boost)  
  49  11:03  Probe (Chrono Boost)  
  50  11:11  Pylon  
  50  11:15  Probe (Chrono Boost)  
  50  11:17  Photon Cannon  
  50  11:18  Photon Cannon  
  51  11:21  Photon Cannon  
  51  11:22  Photon Cannon  
  51  11:24  Photon Cannon  
  51  11:27  Probe (Chrono Boost)  
  51  11:28  Shield Battery x2  
  51  11:31  Shield Battery  
  51  11:33  Shield Battery  
  52  11:52  Photon Cannon  
  52  11:53  Photon Cannon  
  52  11:59  Khaydarin Monolith  
  52  12:01  Khaydarin Monolith  
  52  12:06  Khaydarin Monolith  
  52  12:09  Shield Battery  
  52  12:10  Shield Battery  
  52  12:14  Advanced Repair Systems  
  52  12:51  Pylon  
  52  12:54  Twilight Council  
  52  13:00  Pylon  
  52  13:04  Stargate  
  52  13:05  Stargate  
  52  13:08  Stargate  
  52  13:10  Stargate  
  52  13:12  Stargate  
  52  13:15  Stargate  
  52  13:17  Stargate  
  52  13:22  Pylon  
  52  13:24  Pylon  
  52  13:27  Pylon  
  52  13:33  Probe (Chrono Boost)  
  53  13:44  Unknown  
  53  13:45  Probe (Chrono Boost)  
  54  13:57  Probe (Chrono Boost)  
  55  14:26  Fleet Beacon  
  55  14:54  Carrier  
  55  14:55  Carrier x6  
  55  14:57  Solar Efficiency Level 2  
  97  16:53  Unknown  
  97  17:14  Pylon  
  97  17:20  Photon Cannon  
  97  17:22  Photon Cannon  
  97  17:24  Photon Cannon  
  97  17:25  Photon Cannon  
  97  17:30  Shield Battery  
  97  17:33  Shield Battery  
  97  17:39  Khaydarin Monolith  
  97  17:42  Khaydarin Monolith  
  97  18:06  Carrier x2  
  97  18:14  Carrier  
  97  18:17  Solar Efficiency Level 3  
  115  19:10  Protoss Shields Level 2  
  115  19:22  Protoss Air Weapons Level 1  
Show
View Real Time Build Order
Export as new Build Order

NamroodTuo Zerg 

Build Orders:  

Get SALT Encoding   

  12  0:30  Infested Barracks  
  12  0:31  Infested SCV  
  12  0:33  Infested SCV  
  14  0:44  Overlord  
  14  0:56  Infested SCV  
  15  1:04  Overlord  
  15  1:10  Infested SCV  
  15  1:16  Infestation Level 1  
  16  1:36  Infested SCV  
  17  1:42  Infested SCV  
  18  1:54  Infested Refinery  
  18  1:55  Infested SCV  
  19  2:16  Infested Engineering Bay, Infested SCV  
  19  2:18  Infested SCV  
  21  2:33  Overlord  
  21  2:35  Infested SCV  
  21  2:37  Infested SCV  
  23  2:48  Infested Refinery  
  23  2:51  Infested SCV  
  24  3:05  Infested SCV  
  25  3:11  Infestation Level 2  
  25  3:22  Infested SCV  
  26  3:37  Infested SCV  
  27  3:52  Overlord  
  27  4:10  Infested Factory  
  27  4:14  Infested SCV  
  27  4:18  Infested SCV  
  29  4:44  Infested SCV  
  30  4:55  Infested SCV  
  31  5:00  Infested Command Center  
  31  5:01  Stukov Infantry Weapons Level 1  
  31  5:18  Infested Barracks  
  35  5:32  Infested Bunker  
  35  5:42  Regenerative Plating  
  35  5:51  Infested Armory  
  35  6:23  Infested Bunker  
  39  6:31  Infested Refinery  
  39  6:48  Infested SCV x2  
  39  6:49  Infested SCV  
  42  6:53  Infested SCV x2  
  42  6:54  Infested SCV  
  45  7:05  Infested SCV  
  45  7:06  Infested SCV  
  47  7:11  Overlord  
  47  7:38  Infested SCV  
  52  7:58  Infested Bunker  
  52  8:01  Infested Bunker  
  56  8:17  Infested Barracks Tech Lab  
  56  8:25  Aggressive Incubation  
  56  8:33  Infested SCV x2  
  56  8:34  Infested SCV x3  
  61  8:42  Infested Colonist Compound  
  61  8:47  Infested Bunker  
  65  8:51  Infested Marine  
  65  8:52  Infested Marine x4  
  65  8:58  Anaerobic Enhancement  
  65  8:59  Overlord  
  70  9:01  Overlord  
  70  9:05  Calcified Armor  
  70  9:21  Overlord  
  70  9:35  Infested Marine x2  
  70  9:36  Infested Marine x9  
  79  10:01  Infestation Level 3  
  78  10:14  Unknown  
  78  10:18  Infested SCV x3  
  78  10:19  Overlord, Infested SCV  
  86  10:31  Infested Bunker  
  86  10:34  Stukov Infantry Weapons Level 2  
  86  10:39  Infested Bunker  
  88  11:03  Infested SCV  
  88  11:04  Infested SCV x2  
  91  11:15  Infested Refinery  
  84  11:30  Infested Bunker  
  84  11:56  Retinal Augmentation  
  84  12:08  Infested Barracks  
  84  12:11  Broodling Gestation  
  84  12:34  Infested Bunker  
  92  12:40  Infested Bunker  
  92  12:45  Plagued Munitions  
  96  12:52  Infested Bunker  
  96  12:55  Infested SCV  
  96  12:56  Infested SCV  
  98  13:01  Overseer x2  
  98  13:02  Overseer x3  
  98  13:23  Stukov Infantry Armor Level 1  
  98  13:59  Infested Barracks  
  98  14:14  Stukov Infantry Weapons Level 3  
  98  14:20  Infested Factory Tech Lab  
  102  14:37  Infested Bunker  
  102  15:02  Overlord  
  102  15:03  Overlord x9  
  102  15:44  Infested Bunker  
  110  16:00  Overseer  
  110  16:11  Infested Bunker  
  110  16:15  Overseer  
  110  16:38  Stukov Vehicle and Ship Armor Level 1  
  110  16:54  Saturated Cultures  
  110  17:07  Infested SCV  
  111  17:13  Infested Factory  
  111  17:19  Infested Bunker  
  115  17:29  Stukov Infantry Armor Level 2  
  119  17:42  Caustic Mucus  
  119  17:43  Infested Marine  
  119  17:44  Infested Marine x13  
  119  17:45  Infested Marine x21  
  119  17:46  Infested Marine x5  
  119  17:48  Infested Bunker  
  163  18:12  Infested Bunker  
  163  18:19  Infested Bunker  
  163  18:31  Stukov Vehicle and Ship Weapons Level 1  
  152  18:40  Infested Factory Tech Lab  
  152  18:48  Infested Bunker  
  138  19:04  Automated Mitosis  
  132  19:38  Acidic Enzymes  
  135  20:10  Infested SCV x2  
  135  20:11  Infested SCV x3  
  135  20:19  Infested Bunker  
  139  20:30  Infested Marine  
  139  20:31  Infested Marine x8  
  139  20:32  Infested Marine x21  
  139  20:33  Infested Marine x10  
  179  20:45  Infested Bunker  
  179  20:57  Overlord x3  
  179  20:58  Overlord x2  
  185  21:35  Infested Bunker  
  185  21:46  Infested Bunker  
  147  22:47  Infested Marine  
  147  22:48  Infested Marine x18  
  147  22:49  Infested Marine x20  
  186  22:50  Infested Marine  
Tags
 
Commander
KaraxStukov
Matchup
Co-op
Replay Pack
Multiplayer
Add a new tag
Caveats
  • Supply blocks, unpowered buildings, or Contaminate may cause inaccurate times.
  • Supply counts are checked every 10 seconds.